 Dungeon Crawl Stone Soup version 0.23.2-33-g5129a83184 (webtiles) character file.

Game seed: 5822585575086567810

982 KamiKatze the Cleaver (level 7, -2/99 HPs)
             Began as a Minotaur Berserker on Aug 6, 2019.
             Was an Elder of Trog.
             Killed from afar by an orc wizard (8 damage)
             ... with a magic dart
             ... on level 5 of the Dungeon on Aug 7, 2019.
             The game lasted 00:16:05 (4018 turns).

KamiKatze the Cleaver (Minotaur Berserker)          Turns: 4018, Time: 00:16:06

Health: -2/99      AC: 23    Str: 24    XL:     7   Next: 96%
Magic:  7/7        EV:  2    Int:  4    God:    Trog [****..]
Gold:   336        SH:  3    Dex:  9    Spells: 6/6 levels left

rFire    . . .     SeeInvis .   a - +1 hand axe
rCold    . . .     Gourm    .   (no shield)
rNeg     + + +     Faith    .   (armour currently unavailable)
rPois    +         Spirit   .   (helmet currently unavailable)
rElec    .         Reflect  +   (cloak currently unavailable)
rCorr    .         Harm     .   (gloves currently unavailable)
MR       .....     NoTele   +   (boots currently unavailable)
Stlth    +.........             f - +3 amulet of reflection
HPRegen  0.26/turn              (no ring)
MPRegen  0.10/turn              (no ring)

@: tree-form
A: (retaliatory headbutt)
a: Berserk, Trog's Hand, Brothers in Arms, Renounce Religion


You were on level 5 of the Dungeon.
You worshipped Trog.
Trog was greatly pleased with you.
You were near starving.
You were a tree.
You visited 2 branches of the dungeon, and saw 6 of its levels.
You also visited: Ossuary.

You collected 336 gold pieces.

Inventory:

Hand Weapons
 a - a +1 hand axe (weapon)
 o - a cursed -1 dire flail
 x - a +0 morningstar
Missiles
 j - 47 stones
 v - 8 javelins (quivered)
Armour
 h - a +0 ring mail (melded)
 y - a +1 plate armour
Jewellery
 f - a +3 amulet of reflection (around neck)
Wands
 r - a wand of scattershot (6)
Scrolls
 b - 7 scrolls of identify
 g - a scroll of teleportation
 i - 4 scrolls of remove curse
 m - a scroll of fear
 n - 3 scrolls of immolation
 q - 2 scrolls of noise
 s - 2 scrolls of enchant weapon
Potions
 d - a potion of lignification
 e - a potion of curing {unknown}
 k - a potion of flight {unknown}
 p - 2 potions of resistance {unknown}
 t - 3 potions of mutation {unknown}
 w - 2 potions of degeneration {unknown}
 z - 2 potions of brilliance {unknown}
Comestibles
 c - 7 rations


   Skills:
 + Level 7.0 Fighting
 * Level 9.4 Axes
 - Level 2.4 Armour
 - Level 2.1 Dodging
 - Level 2.0 Evocations


You had 6 spell levels left.
You didn't know any spells.
Your spell library was empty.

Dungeon Overview and Level Annotations

Branches:
Dungeon (5/15)             Temple (1/1) D:4

Altars:
Ashenzari
Cheibriados
Hepliaklqana
Kikubaaqudgha
Makhleb
Okawaru
Qazlal
Sif Muna
Yredelemnul

Annotations:
D:3 3 runed translucent doors, euphoricsektor's ghost, amateur KoAs


Innate Abilities, Weirdness & Mutations

((You reflexively headbutt those who attack you in melee.))
((You have a pair of horns on your head.))


Message History

You hit the orc wizard but do no damage.
The orc wizard hits you but does no damage.
The orc priest casts a cantrip, but nothing happens.
You slash the orc priest!
The orc priest is almost dead.
You hit the orc wizard but do no damage.
The orc wizard casts a spell.
The orc wizard blinks!
The orc wizard points at you and mumbles some strange words.
The magic dart hits you but does no damage.
You slash the orc priest!
You kill the orc priest!
Trog accepts your kill.
You hit the orc wizard.
The orc wizard hits you but does no damage.
You closely miss the orc wizard.
The orc wizard is almost dead.
The orc wizard points at you and mumbles some strange words.
The magic dart hits you!
You die...

### ### #.# #.. ..# #.#
#.# #.# #.# #.# #)# #.#
#♣# #.# #o#######
########.######.##....#
#.............#.##.##.#
#.>......####.#.##....#
#.#####..# #.#.......#
#.#......####.#.###...#
#.......#.....#...+...#
###.#####.##..#.###...#


You could see an orc wizard.

Vanquished Creatures
  A centaur (D:5)
  3 scorpions
  2 centaur zombies (Ossuary)
  A human zombie (Ossuary)
  A jelly (D:5)
  3 orc priests (D:5)
  A hound (D:5)
  2 orc wizards
  4 worker ants
  3 big kobold zombies (Ossuary)
  A hound skeleton (D:4)
  3 mummies (Ossuary)
  A gnoll (D:1)
  12 adders
  2 oozes (D:3)
  2 adder zombies (Ossuary)
  An adder skeleton (D:4)
  4 worms
  3 dart slugs
  4 leopard geckos
  13 orcs
  5 giant cockroaches
  2 gnoll zombies (Ossuary)
  7 hobgoblins
  2 jackals (D:2)
  3 quokkas
  3 ball pythons
  5 bats
  4 frilled lizards
  5 goblins
  2 goblin zombies (Ossuary)
  5 hobgoblin zombies (Ossuary)
  2 jackal zombies (Ossuary)
  A kobold (D:1)
  6 kobold zombies (Ossuary)
  3 orc zombies (Ossuary)
  2 quokka zombies (Ossuary)
  6 rats
  4 rat zombies (Ossuary)
134 creatures vanquished.

Notes
Turn   | Place    | Note
-------+----------+-------------------------------------------
     0 | D:1      | KamiKatze the Minotaur Berserker began the quest for the
                  | Orb.
     0 | D:1      | Reached XP level 1. HP: 19/19 MP: 0/0
   122 | D:1      | Reached skill level 4 in Axes
   171 | D:1      | Reached XP level 2. HP: 22/27 MP: 1/1
   886 | D:2      | Reached XP level 3. HP: 27/33 MP: 2/2
  1033 | D:2      | Reached skill level 5 in Axes
  1140 | D:2      | Reached XP level 4. HP: 38/41 MP: 3/3
  1200 | D:2      | Reached ** piety under Trog
  1611 | D:3      | Reached skill level 6 in Axes
  1682 | D:3      | Found a runed translucent gate.
  1682 | D:3      | Found a runed translucent gate.
  1682 | D:3      | Found a runed translucent gate.
  1690 | D:3      | Noticed euphoricsektor's ghost (amateur KoAs)
  1816 | D:3      | Reached XP level 5. HP: 45/47 MP: 4/4
  1924 | D:3      | Reached skill level 5 in Fighting
  2291 | D:4      | Found a staircase to the Ecumenical Temple.
  2297 | Temple   | Entered the Ecumenical Temple
  2693 | D:4      | Reached *** piety under Trog
  2693 | D:4      | Reached skill level 7 in Axes
  2698 | D:4      | Reached XP level 6. HP: 41/56 MP: 5/5
  2909 | D:5      | Entered Level 5 of the Dungeon
  3218 | D:5      | Reached skill level 1 in Evocations
  3249 | D:5      | Reached XP level 7. HP: 29/62 MP: 5/7
  3322 | D:5      | Reached skill level 8 in Axes
  3617 | D:5      | Found a sand-covered staircase.
  3628 | Ossuary  | Entered an ossuary
  3763 | Ossuary  | Reached **** piety under Trog
  3815 | Ossuary  | Reached skill level 9 in Axes
  4018 | D:5      | Killed from afar by an orc wizard

Skill      XL: |  1  2  3  4  5  6  7 |
---------------+----------------------+-----
Axes           | 4 5 6 7 9 |  9.4
Fighting       | 4 5 7 |  7.0
Evocations     | 2 |  2.0
Armour         | |  2.4
Dodging        | |  2.1

Action                   |  1- 3 |  4- 6 |  7- 9 || total
-------------------------+-------+-------+-------++-------
Melee: Hand axe          |    67 |   143 |   133 ||   343
       Headbutt          |     5 |    21 |    31 ||    57
Throw: Stone             |     2 |     9 |       ||    11
       Javelin           |       |     7 |       ||     7
Invok: Berserk           |       |     1 |     1 ||     2
  Use: Scroll            |       |     9 |     1 ||    10
       Potion            |       |       |     1 ||     1
  Eat: Chunk             |     1 |     6 |     3 ||    10
Armor: Animal skin       |     5 |       |       ||     5
       Leather armour    |       |    19 |       ||    19
       Ring mail         |       |    15 |    32 ||    47
       Skin              |       |       |     4 ||     4
Dodge: Dodged            |    50 |    75 |    61 ||   186
Block: Other             |       |       |     5 ||     5
